 Dungeon Crawl Stone Soup version 0.31.0-32-g396128a36d (webtiles) character file.

Game seed: 12240216553054961499

295868 TacoSundae the Tortoise (level 20, -1/180 HPs)
             Began as an Armataur Fighter on Apr 12, 2024.
             Was the Champion of Okawaru.
             Slain by an iron troll (14 damage)
             ... on level 2 of the Depths.
             The game lasted 02:29:15 (35893 turns).

TacoSundae the Tortoise (Armataur Fighter)         Turns: 35893, Time: 02:29:16

Health: -1/180     AC: 35    Str: 28    XL:     20   Next: 6%
Magic:  27/27      EV:  5    Int:  8    God:    Okawaru [******]
Gold:   4248       SH: 15    Dex:  9    Spells: 19/19 levels left

rFire   + . .        b - +5 demon whip (elec)
rCold   + + .        L - +1 kite shield {reflect}
rNeg    . . .        G - +1 chain mail of Reason {rPois rC++ Regen+ Dex-4}
rPois   +            W - +2 helmet
rElec   .            A - +1 cloak {rCorr}
rCorr   +            S - +1 pair of gloves "Rotaim" {+Blink Will+ rCorr}
SInv    +            u - +3 barding of Spring Thaw {rF+ Slay+3}
Will    +++..        n - amulet of the acrobat Stlth
                     o - ring of see invisible
HPRegen 1.30/turn    w - ring of willpower
MPRegen 0.20/turn

%: reflection, acrobat, roll
@: no status effects
A: large, deformed body, tough skin 3, armoured tail, roll 2
}: 2/15 runes: decaying, serpentine
a: Renounce Religion, Evoke Blink, Heroism, Finesse, Duel, Receive Weapon,
Receive Armour


You were on level 2 of the Depths.
You worshipped Okawaru.
Okawaru was exalted by your worship.
You visited 7 branches of the dungeon, and saw 33 of its levels.
You also visited: Ice Cave and Volcano.

You collected 5068 gold pieces.
You spent 820 gold pieces at shops.

Inventory:

Hand Weapons
 a - the +6 morningstar "Tecwih" {flame, rElec rC+ Will+ Int-2}
   (You bought it in a shop on level 11 of the Dungeon)

   Int-2:     It affects your intelligence (-2).
   rC+:       It protects you from cold.
   rElec:     It insulates you from electricity.
   Will+:     It increases your willpower.
 b - a +5 demon whip of electrocution (weapon)
Missiles
 j - 3 curare-tipped darts
 x - 2 throwing nets
 P - 9 silver javelins (quivered)
Armour
 u - the +3 barding of Spring Thaw (worn) {rF+ Slay+3}
   (You acquired it on level 6 of the Dungeon)

   Slay+3:    It affects your accuracy & damage with ranged weapons and melee
   (+3).
   rF+:       It protects you from fire.
 A - a +1 cloak of preservation (worn)
 G - the +1 chain mail of Reason (worn) {rPois rC++ Regen+ Dex-4}
   (You took it off a wight on level 8 of the Dungeon)

   Dex-4:     It affects your dexterity (-4).
   rC++:      It greatly protects you from cold.
   rPois:     It protects you from poison Regen+: It increases your rate of
   health regeneration.
 L - a +1 kite shield of reflection (worn)
 N - a +2 cloak of willpower
 R - a +2 kite shield of cold resistance
 S - the +1 pair of gloves "Rotaim" (worn) {+Blink Will+ rCorr}
   (You found it in a volcano)

   Will+:     It increases your willpower.
   +Blink:    It lets you blink.
   rCorr:     It protects you from acid and corrosion.
 W - a +2 helmet (worn)
Jewellery
 n - an amulet of the acrobat (around neck)
 o - a ring of see invisible (left hand)
 p - a ring of poison resistance
 w - a ring of willpower (right hand)
 X - a ring of flight
Wands
 t - a wand of flame (29)
 y - a wand of light (31)
 z - a wand of polymorph (34)
 B - a wand of iceblast (25)
 I - a wand of digging (21)
 T - a wand of mindburst (16)
Scrolls
 c - 6 scrolls of revelation
 d - 7 scrolls of identify
 e - 4 scrolls of brand weapon
 i - 5 scrolls of fog
 v - 7 scrolls of enchant armour
 D - 7 scrolls of fear
 E - 9 scrolls of teleportation
 H - 3 scrolls of poison
 M - 4 scrolls of silence
 Q - a scroll of blinking
Potions
 f - a potion of berserk rage
 g - 3 potions of heal wounds
 h - 5 potions of brilliance
 k - a potion of ambrosia
 m - 4 potions of attraction
 r - 5 potions of enlightenment
 s - 8 potions of curing
 C - a potion of mutation
 F - 4 potions of haste
 J - 3 potions of resistance
 K - 2 potions of lignification
 O - 5 potions of might
 U - a potion of invisibility
 V - a potion of cancellation {unknown}
Miscellaneous
 l - a lightning rod (4/4)


   Skills:
 + Level 16.0 Fighting
 + Level 18.5 Maces & Flails
 - Level 7.1 Throwing
 + Level 20.3 Armour
 + Level 18.8 Shields
 - Level 10.0 Invocations


You had 19 spell levels left.
You didn't know any spells.
Your spell library contained the following spells:

 Spells                   Type           Power      Damage    Failure   Level
 Foxfire                  Conj/Fire      0%         2x1d4     80%         1
 Magic Dart               Conj           0%         1d3       80%         1
 Sting                    Conj/Alch      0%         1d3       80%         1
 Blink                    Tloc           0%         N/A       90%         2
 Ensorcelled Hibernation  Hex/Ice        0%         N/A       90%         2
 Jinxbite                 Hex            0%         N/A       90%         2
 Lesser Beckoning         Tloc           0%         N/A       90%         2
 Mercury Vapours          Alch/Air       0%         N/A       90%         2
 Momentum Strike          Conj/Tloc      0%         3d8       90%         2
 Fugue of the Fallen      Necr           0%         N/A       99%         3
 Hailstorm                Conj/Ice       0%         3d5       99%         3
 Inner Flame              Hex/Fire       0%         N/A       99%         3
 Ozocubu's Armour         Ice            0%         N/A       99%         3
 Passwall                 Erth           0%         N/A       99%         3
 Swiftness                Air            0%         N/A       99%         3
 Anguish                  Hex/Necr       0%         N/A       100%        4
 Flame Wave               Conj/Fire      0%         2d4       100%        4
 Manifold Assault         Tloc           0%         N/A       100%        4
 Olgreb's Toxic Radiance  Alch           0%         N/A       100%        4
 Sticky Flame             Fire/Alch      0%         2d4       100%        4
 Alistair's Intoxication  Alch           0%         N/A       100%        5
 Borgnjor's Vile Clutch   Necr/Erth      0%         N/A       100%        5
 Yara's Violent Unravell  Hex/Alch       0%         3d3       100%        5
 Conjure Ball Lightning   Conj/Air       0%         3x3d6     100%        6
 Dispersal                Tloc           0%         N/A       100%        6
 Eringya's Noxious Bog    Alch           0%         4d6       100%        6
 Plasma Beam              Fire/Air       0%         2x1d10    100%        6
 Starburst                Conj/Fire      0%         6d3       100%        6
 Enfeeble                 Hex            0%         N/A       100%        7
 Orb of Destruction       Conj           0%         9d5       100%        7
 Discord                  Hex            0%         N/A       100%        8
 Disjunction              Tloc           0%         N/A       100%        8
 Chain Lightning          Conj/Air       0%         N/A       100%        9
 Fire Storm               Conj/Fire      0%         5d1       100%        9
 Shatter                  Erth           0%         3d5*      100%        9
 Call Imp                 Summ           Unusable   N/A       N/A         2
 Summon Ice Beast         Ice/Summ       Unusable   N/A       N/A         3
 Summon Blazeheart Golem  Fire/Summ      Unusable   N/A       N/A         4
 Summon Forest            Summ/Tloc      Unusable   N/A       N/A         5
 Sculpt Simulacrum        Ice/Alch       Unusable   N/A       N/A         6
 Spellforged Servitor     Conj/Summ      Unusable   N/A       N/A         7
 Summon Hydra             Summ           Unusable   N/A       N/A         7

Dungeon Overview and Level Annotations

Branches:
Dungeon (15/15)            Temple (1/1) D:5            Lair (5/5) D:10
  Swamp (4/4) Lair:2        Snake (4/4) Lair:2        Slime (0/5) Lair:4
    Orc (2/2) D:11            Elf (0/3) Orc:2        Vaults (0/5) D:13
 Depths (2/4) D:15          IceCv (visited)         Volcano (visited)

Altars:
Ashenzari
Cheibriados
Dithmenos
Elyvilon
Fedhas
Gozag
Hepliaklqana
Kikubaaqudgha
Makhleb
Nemelex Xobeh
Okawaru
Qazlal
Ru
Sif Muna
Trog
Uskayaw
Vehumet
Wu Jian
Xom
Yredelemnul
Zin
The Shining One
Jiyva
Lugonu

Shops:
D:4 !   D:7 (   D:11 (   D:15 :   Orc:1 :   Orc:2 =*[(:   Snake:4 *

Portals:
Hell: Lair:5 Depths:1 Depths:2
Abyss: Depths:2
Pandemonium: Depths:1 Depths:2
Ziggurat: Depths:2

Annotations:
Lair:4 2 transporters


Innate Abilities, Weirdness & Mutations

Armour fits poorly on your strangely shaped body.
You have extremely tough skin. (AC +3)
You have a long armoured tail.
You regenerate magic and health when rolling toward enemies. (Rampage Regen)


Message History

* * * LOW HITPOINT WARNING * * *
You block the iron troll's attack. x2; The deep troll shaman bites you!
* * * LOW HITPOINT WARNING * * *
You block the deep troll shaman's attack.
The deep troll shaman barely misses you.
You hit the deep troll shaman.
The deep troll shaman is heavily wounded.
You whack the deep troll shaman!
The deep troll shaman is severely wounded.
The deep troll shaman bites you!
* * * LOW HITPOINT WARNING * * *
You block the deep troll shaman's attack.
The deep troll shaman claws you but does no damage.
You thrash the iron troll!!
You kill the iron troll!
Okawaru accepts your kill. Okawaru grants you throwing weapons!
Something appears at your feet!
The troll leather armour is intact enough to wear.
You barely miss the deep troll shaman.
The deep troll shaman is severely wounded.
The deep troll shaman calls upon its god to speed up the iron troll.
The iron troll seems to speed up.
You thrash the deep troll shaman!!
You kill the deep troll shaman!
Okawaru accepts your kill.
You swing at nothing.
You hit the iron troll.
The iron troll is severely wounded.
You hit the iron troll but do no damage.
Lightning courses through the iron troll!
The iron troll is severely wounded.
The iron troll bites you!!
* * * LOW HITPOINT WARNING * * *
You block the iron troll's attack. The iron troll barely misses you.
Unknown command.
You whack the iron troll!
The iron troll is almost dead.
You block the iron troll's attack. The iron troll claws you!
You die...

#######################...#~≈....
) /[? .!..#'###≈[.[.. ...
########....#.#.~≈~....
....#........... #.~≈~....
.≈~.........#'' #.~~~....
.~~...†..T..# #.~~~....
....#.......# #.~≈≈..P.
#################T# #.≈≈~....
.....'....'.....@[# #.~≈≈....
.....#....#.......# ..#.~≈~....
.... #....#.......# #'###≈~....
######''''#############...#≈~P...
......................#.T.#≈~....
~~~~~~....~~~~~~≈~~~~≈#####≈(....
≈≈≈~≈~....~~≈≈≈≈≈≈≈≈~≈≈≈≈≈≈≈~....
~~~~~~....~~~~≈≈~~~~≈~~~~≈~~~...P
...[.......÷.[...................


You could see an iron troll (fast, strong).

Vanquished Creatures
  4 juggernauts (Depths:2)
  Vashnia (Snake:4)
  A golden dragon (Depths:2)
  Nikola (Depths:1)
  4 tentacled monstrosities
  3 quicksilver dragons (Depths:2)
  4 liches
  3 sphinxes (Depths:2)
  A titan (Depths:2)
  Gastronok (Lair:2)
  A thorn hunter (Swamp:1)
  A shadow dragon (Depths:2)
  Donald (Snake:3)
  6 fire giants
  Roxanne (Snake:2)
  14 nagarajas (Snake:4)
  An azure jelly (Swamp:4)
  3 frost giants
  A spectral juggernaut (Depths:1)
  An orc warlord (Orc:2)
  9 stone giants
  5 very ugly things
  9 eleionomae
  A dire elephant (Lair:5)
  4 bunyips
  Azrael (D:15)
  Nessos (D:12)
  8 ettins
  The ghost of Consumeair16 the Cleaver, a journeyman GnCK of Xom (D:12)
  The ghost of yey the Grappler, a journeyman TrFi of Wu Jian (D:11)
  A shambling mangrove (Swamp:2)
  A yaktaur captain (D:11)
  8 fire dragons
  2 salamander tyrants (Snake:4)
  3 rakshasas
  4 hydras
  7 ice dragons
  A spriggan air mage (Swamp:2)
  8 anacondas
  3 ghost crabs
  3 alligators
  2 ironbound frosthearts (IceCv)
  A death knight (D:14)
  7 centaur warriors
  4 boulder beetles
  A two-headed ogre (D:6)
  12 deep troll shamans
  25 naga warriors
  A tengu warrior (D:15)
  2 hell hogs (Volcano)
  A sphinx skeleton (Depths:1)
  7 deep troll earth magi (Depths:2)
  2 shock serpents
  9 death yaks
  2 spriggan berserkers
  Urug (D:12)
  2 orc high priests
  23 naga sharpshooters
  7 hell knights (Depths:1)
  2 occultists
  A sun demon (Depths:2)
  2 skysharks (Lair:4)
  A fire crab (Volcano)
  A sixfirhy (Lair:5)
  7 skeletal warriors
  9 iron trolls
  Amaemon (Lair:1)
  5 salamander mystics
  4 goliath frogs
  8 sea snakes (Snake:3)
  2 spriggan druids
  7 mana vipers
  14 deep trolls
  2 death drakes (Depths:2)
  4 swamp dragons
  2 glowing orange brains
  4 naga ritualists
  5 bog bodies
  5 orc knights (Orc:2)
  2 lindwurms (Volcano)
  A flayed ghost (Depths:1)
  2 deep elf pyromancers
  An oklob plant (Lair:5)
  6 orc sorcerers
  3 necromancers
  4 cyclopes
  21 ugly things
  2 wolf spiders (Lair:4)
  The ghost of Skular the Magician, a novice DjCj of Makhleb (D:6)
  A will-o-the-wisp (Swamp:1)
  3 manticores
  21 elephants
  15 salamanders
  25 black mambas
  4 kobold blastminers
  15 cane toads
  6 guardian serpents
  A frost giant skeleton (Depths:1)
  12 naga magi
  2 orange demons
  An ice statue (IceCv)
  A smoke demon (Lair:5)
  An unseen horror (D:12)
  A yaktaur (D:15)
  An unseen horror (shapeshifter) (D:14)
  10 komodo dragons
  3 kobold demonologists
  9 rime drakes
  An efreet (D:13)
  4 freezing wraiths (Swamp:4)
  3 ice devils (Lair:5)
  4 tengu conjurers
  2 red devils (Lair:5)
  6 trolls
  7 polar bears
  12 hornets
  2 spriggan skeletons (Depths:1)
  9 tyrant leeches
  A tarantella (shapeshifter) (D:15)
  2 raiju (D:8)
  6 dream sheep
  7 slime creatures (D:12)
  2 centaur simulacra (D:11)
  2 vampires (D:11)
  Sigmund (D:3)
  A culicivora (shapeshifter) (D:12)
  13 fire bats
  12 spriggans
  5 wyverns
  2 water elementals (Depths:1)
  4 shadows
  5 fire elementals (D:15)
  5 basilisks
  50 yaks
  4 wraiths
  17 swamp worms
  4 swamp worm simulacra (Swamp:4)
  Edmund (D:4)
  3 vampire mosquitoes (D:13)
  7 steam dragons
  41 nagas
  24 water moccasins
  15 hydra simulacra (Swamp:4)
  A glowing shapeshifter skeleton (Depths:1)
  11 hell hounds
  6 swamp drakes (Swamp:3)
  A black bear (D:4)
  41 orc warriors
  An ice beast (D:5)
  3 sky beasts (D:8)
  34 wolves
  6 ogres
  5 boggarts (D:14)
  19 centaurs
  A phantom (D:6)
  13 bullfrogs
  2 gnoll sergeants
  3 scorpions
  5 wights (D:8)
  17 killer bees
  7 electric eels
  7 howler monkeys
  3 lava snakes (D:8)
  2 bombardier beetles
  A jelly (D:7)
  4 hounds
  11 orc priests
  2 sleepcaps (D:6)
  Jessica (D:2)
  An iguana (D:5)
  Ijyb (D:3)
  7 hell rats (Lair:4)
  22 orc wizards
  20 gnolls
  8 adders
  2 shadow imps (D:7)
  15 white imps
  4 swamp drake simulacra (Swamp:4)
  6 ufetubi
  A dart slug (D:2)
  90 orcs
  3 bats
  8 endoplasms
  4 giant cockroaches
  16 goblins
  8 hobgoblins
  3 jackals (D:2)
  2 quokkas (D:1)
  9 ball pythons
  4 frilled lizards
  9 kobolds
  7 rats
1245 creatures vanquished.

Vanquished Creatures (others)
  A spriggan druid (Swamp:4)
  2 bloated husks (Swamp:4)
  A hornet (Swamp:2)
  A swamp worm (Swamp:4)
  An orc priest (Orc:2)
  An orc wizard (Orc:2)
  An orc (Orc:1)
8 creatures vanquished.

Grand Total: 1253 creatures vanquished

Notes
Turn   | Place    | Note
-------+----------+-------------------------------------------
     0 | D:1      | TacoSundae the Armataur Fighter began the quest for the
                  | Orb.
     0 | D:1      | Reached XP level 1. HP: 18/18 MP: 1/1
   207 | D:1      | Reached XP level 2. HP: 24/25 MP: 2/2
   932 | D:2      | Reached XP level 3. HP: 18/30 MP: 3/3
  1422 | D:2      | Noticed Jessica
  1426 | D:2      | Killed Jessica
  1427 | D:2      | Reached XP level 4. HP: 37/37 MP: 4/4
  1624 | D:3      | Noticed Sigmund
  1631 | D:3      | Killed Sigmund
  1632 | D:3      | Reached skill level 5 in Maces & Flails
  1632 | D:3      | Reached XP level 5. HP: 36/42 MP: 5/5
  1694 | D:3      | Noticed Ijyb
  1718 | D:3      | Reached XP level 6. HP: 32/50 MP: 6/6
  1798 | D:3      | Killed Ijyb
  1982 | D:3      | Found a faded altar of an unknown god.
  2706 | D:4      | Noticed Edmund
  2731 | D:4      | Killed Edmund
  2732 | D:4      | Gained mutation: You regenerate magic and health when
                  | rolling toward enemies. (Rampage Regen) [Armataur growth]
  2732 | D:4      | Reached XP level 7. HP: 12/56 MP: 7/7
  2932 | D:4      | Found Dicw's Distillery.
  2944 | D:4      | Bought a potion of degeneration for 10 gold pieces
  3287 | D:5      | Entered Level 5 of the Dungeon
  3347 | D:5      | Reached skill level 4 in Armour
  3648 | D:5      | Found a staircase to the Ecumenical Temple.
  3657 | Temple   | Entered the Ecumenical Temple
  3666 | Temple   | Became a worshipper of Warmaster Okawaru
  3793 | D:5      | Reached XP level 8. HP: 27/63 MP: 8/8
  4178 | D:6      | Reached * piety under Okawaru
  4179 | D:6      | Reached skill level 5 in Armour
  4185 | D:6      | Found a white marble altar of Elyvilon.
  4186 | D:6      | Found a sparkling altar of Nemelex Xobeh.
  4195 | D:6      | Found a shadowy altar of Dithmenos.
  4197 | D:6      | Found a hide-covered altar of Uskayaw.
  4362 | D:6      | Found a stormy altar of Qazlal.
  4373 | D:6      | Reached skill level 5 in Shields
  4410 | D:6      | Found a transporter.
  4410 | D:6      | Noticed Skular's ghost (novice DjCj)
  4411 | D:6      | Found a transporter.
  4413 | D:6      | Identified the +1 dire flail of Piwnomih {speed, rC- Str+5
                  | Int+3 Stlth+}
  4413 | D:6      | Identified the +7 great mace of Juddugem {vamp, *Slow MP+9
                  | SInv}
  4413 | D:6      | Noticed a two-headed ogre
  4686 | D:6      | Identified a scroll of acquirement
  4686 | D:6      | Acquired the +3 barding of Spring Thaw {rF+ Slay+3}
  4783 | D:6      | Found a shimmering blue altar of Sif Muna.
  5227 | D:7      | Found a basalt altar of Yredelemnul.
  5411 | D:7      | Reached XP level 9. HP: 72/72 MP: 9/9
  5548 | D:7      | Reached skill level 6 in Armour
  5563 | D:7      | Found Hecomavu's Weapon Shop.
  5612 | D:7      | Reached ** piety under Okawaru
  6072 | D:8      | Reached skill level 5 in Fighting
  6150 | D:8      | Reached skill level 7 in Armour
  6154 | D:8      | Reached skill level 10 in Maces & Flails
  6247 | D:8      | Reached *** piety under Okawaru
  6314 | D:8      | Reached XP level 10. HP: 82/82 MP: 10/10
  6315 | D:8      | Identified the +1 chain mail of Reason {rPois rC++ Regen+
                  | Dex-4}
  6888 | D:9      | Reached **** piety under Okawaru
  7101 | D:9      | Reached skill level 8 in Armour
  7372 | D:10     | Entered Level 10 of the Dungeon
  7648 | D:10     | Noticed a centaur warrior
  7660 | D:10     | Killed a centaur warrior
  7660 | D:10     | Reached ***** piety under Okawaru
  7706 | D:10     | Found a staircase to the Lair.
  7811 | D:10     | Received a gift from Okawaru
  7812 | D:10     | Reached XP level 11. HP: 66/91 MP: 11/11
  7883 | D:10     | Found a sacrificial altar of Ru.
  7923 | D:10     | Reached skill level 9 in Armour
  8341 | D:10     | Found a shimmering altar of Xom.
  8342 | D:10     | Found a shimmering altar of Xom.
  8342 | D:10     | Found a shimmering altar of Xom.
  8342 | D:10     | Found a shimmering altar of Xom.
  8342 | D:10     | Found a shimmering altar of Xom.
  8343 | D:10     | Found a shimmering altar of Xom.
  8344 | D:10     | Found a shimmering altar of Xom.
  8672 | D:11     | Found Xewnub's Antique Weapon Shoppe.
  8688 | D:11     | Bought a scorched morningstar for 261 gold pieces
  8688 | D:11     | Identified the +6 morningstar "Tecwih" {flame, rElec rC+
                  | Will+ Int-2} (You bought it in a shop on level 11 of the
                  | Dungeon)
  8767 | D:11     | Found a staircase to the Orcish Mines.
  8781 | D:11     | Noticed yey's ghost (journeyman TrFi)
  8783 | D:11     | Noticed a lich
  8784 | D:11     | Noticed a necromancer
  8784 | D:11     | Noticed a fire dragon
  8784 | D:11     | Noticed a yaktaur captain
  8828 | D:11     | Noticed a boulder beetle
  8852 | D:11     | Killed a boulder beetle
  8852 | D:11     | Received a gift from Okawaru
  8853 | D:11     | Reached skill level 1 in Invocations
  8855 | D:11     | Noticed a sixfirhy
  9025 | D:11     | Found a runed translucent door.
  9158 | D:11     | Noticed a skeletal warrior
  9163 | D:11     | Found a runed translucent door.
  9164 | D:11     | Noticed a skeletal warrior
  9416 | Lair:1   | Entered Level 1 of the Lair of Beasts
  9576 | Lair:1   | Found a frozen archway.
  9593 | Lair:1   | Reached skill level 10 in Armour
  9612 | IceCv    | Entered an ice cave
  9678 | IceCv    | Reached ****** piety under Okawaru
  9702 | IceCv    | Received a gift from Okawaru
  9707 | IceCv    | Noticed a death yak
  9713 | IceCv    | Killed a death yak
  9723 | IceCv    | Reached XP level 12. HP: 81/101 MP: 14/14
  9952 | IceCv    | Noticed a death yak
  9987 | IceCv    | Killed a death yak
  9993 | IceCv    | Received a gift from Okawaru
 10021 | IceCv    | Noticed a death yak
 10022 | IceCv    | Noticed a death yak
 10051 | IceCv    | Killed a death yak
 10052 | IceCv    | Reached skill level 10 in Shields
 10054 | IceCv    | Killed a death yak
 10258 | IceCv    | Noticed an ironbound frostheart
 10258 | IceCv    | Noticed a death yak
 10258 | IceCv    | Noticed a death yak
 10258 | IceCv    | Noticed an ironbound frostheart
 10264 | IceCv    | Killed a death yak
 10265 | IceCv    | Reached skill level 11 in Armour
 10271 | IceCv    | Killed an ironbound frostheart
 10276 | IceCv    | Reached skill level 5 in Invocations
 10280 | IceCv    | Killed a death yak
 10290 | IceCv    | Killed an ironbound frostheart
 10993 | Lair:1   | Noticed Amaemon
 11003 | Lair:1   | Killed Amaemon
 11117 | Lair:1   | Received a gift from Okawaru
 11802 | Lair:2   | Reached XP level 13. HP: 111/111 MP: 17/17
 11815 | Lair:2   | Found a staircase to the Snake Pit.
 11868 | Lair:2   | Found a staircase to the Swamp.
 12199 | Lair:2   | Found a burning altar of Makhleb.
 12240 | Lair:2   | Reached skill level 12 in Armour
 12246 | Lair:2   | Received a gift from Okawaru
 12525 | Lair:2   | Noticed Gastronok
 12556 | Lair:2   | Killed Gastronok
 13409 | Lair:3   | Received a gift from Okawaru
 13691 | Lair:4   | Found a viscous altar of Jiyva.
 13691 | Lair:4   | Found a staircase to the Slime Pits.
 13922 | Lair:4   | Found a dark tunnel.
 13932 | Volcano  | Entered a volcano
 13952 | Volcano  | Received a gift from Okawaru
 13954 | Volcano  | Found a large runed translucent door.
 14011 | Volcano  | Found a large runed translucent door.
 14032 | Volcano  | Found a large runed translucent door.
 14032 | Volcano  | Found the +3 pair of seven-league boots {Rampage+∞}
 14033 | Volcano  | Found a large runed translucent door.
 14033 | Volcano  | Found a large runed translucent door.
 14034 | Volcano  | Found a large runed translucent door.
 14039 | Volcano  | Noticed a fire dragon
 14043 | Volcano  | Identified the +1 pair of gloves "Rotaim" {+Blink Will+
                  | rCorr}
 14063 | Volcano  | Killed a fire dragon
 14070 | Volcano  | Found a large runed translucent door.
 14070 | Volcano  | Found a large runed translucent door.
 14089 | Volcano  | Found a large runed translucent door.
 14089 | Volcano  | Found a large runed translucent door.
 14117 | Volcano  | Found a large runed translucent door.
 14118 | Volcano  | Found a large runed translucent door.
 14128 | Volcano  | Reached skill level 10 in Fighting
 14135 | Volcano  | Found a large runed translucent door.
 14135 | Volcano  | Found a large runed translucent door.
 14155 | Volcano  | Found a large runed translucent door.
 14155 | Volcano  | Found a large runed translucent door.
 14177 | Volcano  | Noticed a fire dragon
 14188 | Volcano  | Killed a fire dragon
 14201 | Volcano  | Found a large runed translucent door.
 14201 | Volcano  | Found a large runed translucent door.
 14210 | Volcano  | Received a gift from Okawaru
 14211 | Volcano  | Reached skill level 13 in Armour
 14289 | Lair:4   | Reached XP level 14. HP: 72/121 MP: 19/19
 14358 | Lair:4   | Found a transporter.
 14381 | Lair:4   | Found a transporter.
 15185 | Lair:5   | Entered Level 5 of the Lair of Beasts
 15281 | Lair:5   | Received a gift from Okawaru
 15572 | Lair:5   | Received a gift from Okawaru
 16322 | Lair:5   | Found a burning altar of Makhleb.
 16445 | Lair:5   | Reached skill level 14 in Armour
 16482 | Lair:5   | Found a gateway to Hell.
 16486 | Lair:5   | Received a gift from Okawaru
 16683 | Orc:1    | Entered Level 1 of the Orcish Mines
 16962 | Orc:1    | Found Doodiebb's Book Shoppe.
 17064 | Orc:2    | Entered Level 2 of the Orcish Mines
 17525 | Orc:2    | Noticed an orc warlord
 17577 | Orc:2    | Killed an orc warlord
 17577 | Orc:2    | Received a gift from Okawaru
 17578 | Orc:2    | Reached XP level 15. HP: 107/129 MP: 22/22
 17637 | Orc:2    | Found a staircase to the Elven Halls.
 17702 | Orc:2    | Found Golocvue's Antique Weapon Emporium.
 17838 | Orc:2    | Found Lossosch's General Store.
 17857 | Orc:2    | Bought a potion of might for 52 gold pieces
 17857 | Orc:2    | Bought a potion of heal wounds for 65 gold pieces
 17881 | Orc:2    | Found Pagoipt's Jewellery Emporium.
 17898 | Orc:2    | Found Pestrib's Antique Armour Emporium.
 17905 | Orc:2    | Bought a crude chain mail for 247 gold pieces
 17905 | Orc:2    | Identified the +0 chain mail of the Evening Star {Harm}
                  | (You bought it in a shop on level 2 of the Orcish Mines)
 18100 | Orc:2    | Found Qoox's Vocational Training.
 18654 | D:6      | Killed Skular's ghost
 18839 | D:11     | Killed a lich
 18866 | D:11     | Received a gift from Okawaru
 18938 | D:11     | Killed yey's ghost
 19162 | D:12     | Noticed Nessos
 19219 | D:12     | Killed Nessos
 19323 | D:12     | Reached skill level 10 in Invocations
 19410 | D:12     | Reached skill level 15 in Maces & Flails
 19508 | D:12     | Identified the +5 great mace "Faol" {freeze, rF+ Dex+2}
 19653 | D:12     | Noticed Urug
 19660 | D:12     | Killed Urug
 19698 | D:12     | Noticed Consumeair16's ghost (journeyman GnCK)
 19807 | D:12     | Found a runed translucent gate.
 19808 | D:12     | Found a runed translucent gate.
 19809 | D:12     | Found a runed translucent gate.
 20331 | D:13     | Found a gate to the Vaults.
 20332 | D:13     | Noticed a frost giant
 20343 | D:13     | Killed a frost giant
 20343 | D:13     | Received a gift from Okawaru
 20527 | D:13     | Reached skill level 15 in Armour
 21250 | D:4      | Bought a potion of might for 40 gold pieces
 21250 | D:4      | Bought 2 potions of enlightenment for 100 gold pieces
 21462 | Swamp:1  | Entered Level 1 of the Swamp
 21475 | Swamp:1  | Reached skill level 1 in Throwing
 21624 | Swamp:1  | Noticed a tentacled monstrosity
 21651 | Swamp:1  | Killed a tentacled monstrosity
 21654 | Swamp:1  | Identified the +1 robe of Wogal {rN+ Regen+ rCorr Str-3}
 21821 | Swamp:1  | Received a gift from Okawaru
 22176 | Swamp:2  | Noticed a thorn hunter
 22302 | Swamp:1  | Killed a thorn hunter
 22320 | Swamp:1  | Reached XP level 16. HP: 116/139 MP: 23/23
 22463 | Swamp:2  | Noticed a tentacled monstrosity
 22477 | Swamp:2  | Killed a tentacled monstrosity
 22477 | Swamp:2  | Received a gift from Okawaru
 22729 | Swamp:2  | Noticed a tentacled monstrosity
 22746 | Swamp:2  | Killed a tentacled monstrosity
 22824 | Swamp:2  | Received a gift from Okawaru
 23181 | Swamp:3  | Reached skill level 16 in Armour
 23294 | Swamp:3  | Identified the +0 leather armour "Jupnaic" {rElec rCorr
                  | Str-5 SInv}
 23398 | Swamp:3  | Received a gift from Okawaru
 23711 | Swamp:4  | Entered Level 4 of the Swamp
 23850 | Swamp:4  | Reached skill level 15 in Shields
 24312 | Swamp:4  | Received a gift from Okawaru
 24320 | Swamp:4  | Reached skill level 5 in Throwing
 24387 | Swamp:4  | Got a decaying rune of Zot
 24541 | Snake:1  | Entered Level 1 of the Snake Pit
 25573 | Snake:2  | Received a gift from Okawaru
 25642 | Snake:2  | Reached XP level 17. HP: 149/149 MP: 24/24
 25954 | Snake:2  | Identified the +10 spear "Wakkoky" {freeze, rC+ Dex+3}
 26015 | Snake:2  | Noticed Roxanne
 26030 | Snake:2  | Killed Roxanne
 26855 | Snake:3  | Received a gift from Okawaru
 27090 | Snake:3  | Reached skill level 17 in Armour
 27861 | Snake:3  | Noticed Donald
 27879 | Snake:3  | Killed Donald
 28165 | Snake:4  | Entered Level 4 of the Snake Pit
 28260 | Snake:4  | Found Gyorurch's General Store.
 28268 | Snake:4  | Bought a potion of curing for 45 gold pieces
 28362 | Snake:4  | Received a gift from Okawaru
 29074 | Snake:4  | Received a gift from Okawaru
 29230 | Snake:4  | Reached XP level 18. HP: 133/159 MP: 25/25
 29421 | Snake:4  | Got a serpentine rune of Zot
 29698 | Snake:4  | Reached skill level 18 in Armour
 29827 | Snake:4  | Received a gift from Okawaru
 30245 | Snake:4  | Noticed Vashnia
 30320 | Snake:4  | Killed Vashnia
 30841 | D:12     | Killed Consumeair16's ghost
 31075 | D:14     | Received a gift from Okawaru
 31376 | D:15     | Entered Level 15 of the Dungeon
 31459 | D:15     | Found Ysiutada's Self-Published Books.
 31641 | D:15     | Found a staircase to the Depths.
 31743 | D:15     | Noticed Azrael
 31764 | D:15     | Killed Azrael
 31992 | D:15     | Received a gift from Okawaru
 32219 | Depths:1 | Entered Level 1 of the Depths
 32458 | Depths:1 | Found a one-way gate leading to the halls of Pandemonium.
 32500 | Depths:1 | Noticed a lich
 32521 | Depths:1 | Killed a lich
 32772 | D:15     | Received a gift from Okawaru
 32811 | D:15     | Reached skill level 19 in Armour
 32977 | Depths:1 | Noticed Nikola
 33008 | Depths:1 | Killed Nikola
 33009 | Depths:1 | Reached skill level 15 in Fighting
 33009 | Depths:1 | Reached XP level 19. HP: 157/170 MP: 26/26
 33494 | Depths:1 | Found a basalt altar of Yredelemnul.
 33759 | Depths:2 | Found a one-way gateway to a ziggurat.
 33821 | Depths:2 | Received a gift from Okawaru
 34351 | Depths:2 | Found a corrupted altar of Lugonu.
 34351 | Depths:2 | Found a one-way gate to the infinite horrors of the Abyss.
 34512 | Depths:2 | Noticed a golden dragon
 34563 | Depths:2 | Killed a golden dragon
 34655 | Depths:2 | Received a gift from Okawaru
 35030 | Depths:2 | Found a hide-covered altar of Uskayaw.
 35213 | Depths:2 | Noticed a juggernaut
 35237 | Depths:2 | Killed a juggernaut
 35351 | Depths:2 | Noticed a juggernaut
 35367 | Depths:2 | Killed a juggernaut
 35367 | Depths:2 | Received a gift from Okawaru
 35368 | Depths:2 | Reached skill level 20 in Armour
 35784 | Depths:2 | Noticed a juggernaut
 35799 | Depths:2 | Killed a juggernaut
 35800 | Depths:2 | Noticed a juggernaut
 35825 | Depths:2 | Killed a juggernaut
 35826 | Depths:2 | Reached XP level 20. HP: 89/180 MP: 22/27
 35887 | Depths:2 | Received a gift from Okawaru
 35893 | Depths:2 | Slain by an iron troll

Illustrated notes

Levels and vault maps discovered:
D:1:      lemuel_arrival_hallway, layout_basic, serial_forest,
          infiniplex_forest_zigzag_1, infiniplex_forest_clump_small,
          infiniplex_forest_end_1, infiniplex_forest_straight_3,
          infiniplex_forest_straight_2, infiniplex_forest_lined_room_2,
          infiniplex_forest_clump_cross, infiniplex_forest_corner_2,
          hangedman_decor_clover_reticule, feat_on_display
D:2:      layout_basic, uniq_jessica
D:3:      layout_loops_ring, hellmonk_ecumenical_altar_lost_god,
          minmay_shallow_snake_nest, uniq_sigmund, uniq_ijyb
D:4:      layout_basic, serial_shops, nicolae_shop_industrial_runoff,
          uniq_edmund
D:5:      layout_basic, minmay_temple_entry_mist
D:6:      layout_loops_ring, general_overflow_altar, led_sif_pool,
          nicolae_overflow_macrodata_refinement, serial_glass, glass_columns_b,
          glass_columns_a, gammafunk_ghost_smash, minmay_ogre_servants
D:7:      layout_gridville, nicolae_overflow_hidden_temple, serial_shops,
          kennysheep_mini, grunt_ogre_cave
D:8:      layout_rooms, grunt_decor_junction, minmay_misc_feat_rows,
          nicolae_have_a_lightning_rod
D:9:      layout_loops_ring
D:10:     layout_roguey [special_room_orc], mainiacjoe_overflow_alcove_4,
          xom_shifter_show, lair_entry_dummy
D:11:     layout_roguey [special_room_orc], muffindrake_ghost_dual_entry,
          serial_shops, nicolae_shop_statue_plus, chequers_garden
D:12:     layout_loops_corners, gammafunk_ghost_split,
          hangedman_corner_corridor, uniq_urug, uniq_nessos
D:13:     layout_gridville, hellmonk_vaults_attempted_burglary
D:14:     layout_basic, chequers_serial_rivers_large_a
D:15:     grunt_enter_depths_giant_problem, layout_irregular_city, fountainhead,
          minmay_misc_feat_cross, nicolae_custom_books, uniq_azrael
Temple:   nicolae_temple_ecumenical_triangle
Lair:1:   layout_gridlike, portal_ice_cave_entry_imps,
          dreamdust_deal_with_the_devil, grunt_megastairs_5, uniq_amaemon
Lair:2:   layout_cave_pods, swamp_mist, minmay_snake_entry_six_corridors,
          basic_altar, uniq_gastronok
Lair:3:   layout_chaotic_city, serial_bayou_shore_b, infiniplex_staircase_pool,
          grunt_megastairs_1, serial_bayou_shore_a
Lair:4:   gammafunk_worm_tunnel, layout_cave_pods, dpeg_slime_entry_enclosed,
          enter_volcano_1, nicolae_lair_run_with_the_wolves
Lair:5:   evil_forest, layout_misc_corridors
Swamp:1:  cheibrodos_swamp_monstrosity, layout_basic_swamp,
          nicolae_swamp_treefoil, infiniplex_staircase_pool_2
Swamp:2:  layout_basic_swamp, evilmike_swamp_ruin_house_1
Swamp:3:  layout_basic_swamp, nicolae_swamp_feature_on_the_river_bank,
          swamp_pool_5
Swamp:4:  swamp_icy, layout_basic_swamp, swamp_pool_1_2
Snake:1:  layout_layer_cave
Snake:2:  layout_chambers, uniq_roxanne
Snake:3:  layout_basic, serial_bayou, serial_bayou_pond_a, serial_bayou_shore_b,
          serial_bayou_lagoon_a, serial_bayou_lake_a, serial_bayou_shore_b,
          statue_in_the_mist_lemuel, fake_guardian_serpent_vault, uniq_donald
Snake:4:  grunt_snake_rune_spirals, layout_onion_interference, serial_shops,
          shop, uniq_vashnia
Orc:1:    layout_diamond_mine, basic_altar, serial_shops,
          nicolae_shop_tiny_glass, nicolae_orc_crystal_seam
Orc:2:    grunt_orc_cross, layout_caves, nicolae_orc_bridge_out,
          nicolae_shop_vocational
Depths:1: layout_cave_pools, minmay_misc_feat_iff, grunt_metal_band, pan_entry,
          yredelemnul_forgotten_temple_becter, uniq_nikola
Depths:2: lemuel_castle_with_subvaults [lemuel_castle_interior_carwin_3],
          layout_gridville, enter_ziggurat_b, hell_entry,
          grunt_pan_entry_sceptre, lemuel_coloured_pillars_altar,
          abyss_entry_flame_altar, kennysheep_random_hallway

Skill      XL: |  1  2  3  4  5  6  7  8  9 10 11 12 13 14 15 16 17 18 19 20 |
---------------+-------------------------------------------------------------+-----
Maces & Flails | 2 3 4 5 7 8 9 10 11 12 13 14 15 16 17 18 | 18.5
Fighting       | 3 4 5 6 7 9 10 11 12 13 15 16 | 16.0
Armour         | 4 5 7 8 10 11 13 14 15 16 17 19 20 | 20.3
Shields        | 4 5 6 8 9 10 11 13 14 15 16 17 18 | 18.8
Invocations    | 3 5 7 9 10 | 10.0
Throwing       | 2 5 7 |  7.1

Action                     |  1- 3 |  4- 6 |  7- 9 | 10-12 | 13-15 | 16-18 | 19-21 || total
---------------------------+-------+-------+-------+-------+-------+-------+-------++-------
  Melee: Flail             |   174 |    81 |   292 |   303 |       |       |       ||   850
         Tailslap          |    31 |    14 |    38 |   101 |   241 |   405 |   153 ||   983
         Mace              |       |    53 |     9 |       |       |       |       ||    62
         Morningstar       |       |       |       |   379 |  1206 |    41 |    67 ||  1693
         Demon whip        |       |       |       |       |    91 |  1963 |   626 ||  2680
  Throw: Dart              |       |     1 |       |       |       |       |       ||     1
 Invoke: Finesse           |       |       |       |       |       |     3 |     1 ||     4
    Use: Potion            |       |     1 |       |     1 |     2 |     5 |     2 ||    11
         Scroll            |       |       |    17 |     3 |    14 |     4 |       ||    38
 Armour: Scale mail        |    78 |    72 |       |       |       |       |       ||   150
         Chain mail        |       |    55 |   237 |   612 |   978 |  1152 |   465 ||  3499
         Skin              |       |       |       |       |       |       |     1 ||     1
  Dodge: Dodged            |    32 |    47 |    94 |   123 |   207 |   290 |    92 ||   885
  Block: Buckler           |    10 |    16 |    56 |   145 |       |       |       ||   227
         Kite shield       |       |       |       |    47 |   785 |   948 |   326 ||  2106
         Reflection        |       |       |       |       |       |    59 |       ||    59
